 Dungeon Crawl Stone Soup version 0.27.1-4-g1640c2035a (webtiles) character file.

Game seed: 12878490100685934099

83677 Stomo444 the Basher (level 15, -11/84 HPs)
             Began as a Vine Stalker Gladiator on Nov 17, 2021.
             Was a High Priest of Wu Jian.
             Killed from afar by a crystal guardian (42 damage)
             ... with a crystal bolt
             ... in the Desolation of Salt.
             The game lasted 00:59:54 (15573 turns).

Stomo444 the Basher (Vine Stalker Gladiator)       Turns: 15573, Time: 00:59:54

Health: -11/84     AC: 33    Str: 32    XL:     15   Next: 77%
Magic:  0/29       EV: 20    Int: 12    God:    Wu Jian [*****.]
Gold:   2051       SH:  0    Dex: 20    Spells: 23/32 levels left

rFire    . . .     SeeInvis .   w - +9 flail (vorpal)
rCold    . . .     Faith    .   (no shield)
rNeg     . . .     Spirit   +   M - +6 scale mail of Bowk {rF- Regen+ Int+4}
rPois    +         Reflect  .   c - +2 helmet
rElec    .         Harm     .   i - +2 cloak
rCorr    .         Rampage  .   r - +2 pair of gloves
Will     +....                  Z - +2 pair of boots {Stlth+}
Stlth    +.........             n - amulet "Eppuz" {rC+ Regen+ Str+4 Dex+4}
HPRegen  3.24/turn              m - +4 ring of protection
MPRegen  0.21/turn              Q - ring of Zamul {Fire rPois Str+5}

@: in a heavenly storm, glowing
A: fangs 3, regeneration 1, magic shield, antimagic bite, no potion heal 2
a: Renounce Religion, Wall Jump, Serpent's Lash, Heavenly Storm


You were in the Desolation of Salt.
You worshipped Wu Jian.
Wu Jian was extremely pleased with you.
You visited 4 branches of the dungeon, and saw 20 of its levels.
You also visited: Gauntlet and Desolation.

You collected 2051 gold pieces.

Inventory:

Hand Weapons
 w - a +9 vorpal flail (weapon)
 H - a +3 flail
 S - the +8 arbalest "Iwuac" {vorpal, rF+++ MP-9 Str-3 Stlth+}
   (You took it off a minotaur in a Gauntlet)

   Any ammunition fired from it inflicts extra damage upon your enemies.
   Str:       It affects your strength (-3).
   rF:        It renders you almost immune to fire.
   MP:        It affects your magic capacity (-9).
   Stlth:     It makes you more stealthy.
Missiles
 d - a throwing net
 T - 7 silver javelins
 W - 7 atropa-tipped darts (quivered)
Armour
 c - a +2 helmet (worn)
 i - a +2 cloak (worn)
 r - a +2 pair of gloves (worn)
 y - the +1 leather armour "Jexecis" {rF+ Will+++ rCorr Int-3}
   (You found it on level 4 of the Dungeon)

   Int:       It affects your intelligence (-3).
   rF:        It protects you from fire.
   rCorr:     It protects you from acid and corrosion.
   Will:      It greatly increases your willpower.
 M - the +6 scale mail of Bowk (worn) {rF- Regen+ Int+4}
   (You found it on level 10 of the Dungeon)

   Int:       It affects your intelligence (+4).
   rF:        It makes you vulnerable to fire.
   Regen:     It increases your rate of health regeneration.
 U - the +1 robe "Plog" {Dex+5 Archmagi}
   (You found it on level 11 of the Dungeon)

   Dex:       It affects your dexterity (+5).
   Archmagi:  It increases the power of your magical spells.
 Z - a +2 pair of boots of stealth (worn)
Jewellery
 e - a ring of ice
 m - a +4 ring of protection (left hand)
 n - the amulet "Eppuz" (around neck) {rC+ Regen+ Str+4 Dex+4}
   (You found it in a Gauntlet)

   [amulet of regeneration]

   Str:       It affects your strength (+4).
   Dex:       It affects your dexterity (+4).
   rC:        It protects you from cold.
   Regen:     It increases your rate of health regeneration.
 o - a +6 ring of dexterity
 u - a +6 ring of intelligence
 v - a ring of protection from cold
 N - an amulet of magic regeneration
 O - a ring of positive energy
 Q - the ring of Zamul (right hand) {Fire rPois Str+5}
   (You found it in a Gauntlet)

   [ring of fire]

   It enhances your fire magic.
   Str:       It affects your strength (+5).
   rF:        It protects you from fire.
   rC:        It makes you vulnerable to cold.
   rPois:     It protects you from poison.
 X - a ring of ice
 Y - a +4 ring of evasion
Wands
 b - a wand of digging (11)
 g - a wand of mindburst (13)
 k - a wand of paralysis (26)
 q - a wand of flame (52)
 t - a wand of acid (11)
 A - a wand of polymorph (12)
 J - a wand of charming (26)
 K - a wand of iceblast (9)
Scrolls
 f - 3 scrolls of fear
 h - a scroll of blinking
 l - 5 scrolls of teleportation
 p - a scroll of enchant armour
 C - a scroll of magic mapping
 D - a scroll of fog
 F - 2 scrolls of enchant weapon
 P - a scroll of acquirement {unknown}
 R - 5 scrolls of identify
 V - a scroll of holy word {unknown}
Potions
 a - 2 potions of haste {unknown}
 j - a potion of curing
 s - a potion of flight
 x - 2 potions of attraction
 z - a potion of degeneration
 B - 4 potions of lignification
 E - a potion of berserk rage
 G - 7 potions of heal wounds
 I - 2 potions of mutation {unknown}
Miscellaneous
 L - a phial of floods


   Skills:
 + Level 12.0 Fighting
 + Level 12.2 Maces & Flails
 - Level 1.7 Throwing
 + Level 11.0 Armour
 + Level 11.3 Dodging
 - Level 9.4 Spellcasting
 + Level 3.0 Hexes


You had 23 spell levels left.
You knew the following spells:

 Your Spells              Type           Power      Damage    Failure   Level
a - Tukima's Dance        Hex            12%        N/A       19%         3
b - Invisibility          Hex            6%         N/A       100%        6

Your spell library contained the following spells:

 Spells                   Type           Power      Damage    Failure   Level
 Freeze                   Ice            20%        1d4       22%         1
 Summon Small Mammal      Summ           20%        N/A       22%         1
 Corpse Rot               Necr/Air       N/A        N/A       32%         2
 Passwall                 Tmut/Erth      4%         N/A       32%         2
 Sublimation of Blood     Necr           2%         N/A       32%         2
 Wereblood                Tmut           5%         N/A       32%         2
 Portal Projectile        Hex/Tloc       18%        N/A       34%         3
 Summon Guardian Golem    Hex/Summ       9%         N/A       34%         3
 Call Canine Familiar     Summ           5%         N/A       54%         3
 Frozen Ramparts          Ice            10%        1d3       54%         3
 Gell's Gravitas          Tloc           2%         N/A       54%         3
 Swiftness                Air            5%         N/A       54%         3
 Teleport Other           Tloc           5%         N/A       54%         3
 Dispel Undead            Necr           5%         3d7       91%         4
 Hailstorm                Conj/Ice       5%         3d4       91%         4
 Ice Form                 Ice/Tmut       5%         N/A       91%         4
 Passage of Golubria      Tloc           N/A        N/A       91%         4
 Petrify                  Tmut/Erth      5%         N/A       91%         4
 Summon Ice Beast         Ice/Summ       5%         N/A       91%         4
 Yara's Violent Unravell  Hex/Tmut       4%         3d4       97%         5
 Blade Hands              Tmut           2%         N/A       99%         5
 Excruciating Wounds      Necr           2%         N/A       99%         5
 Freezing Cloud           Conj/Ice/Air   2%         6-21      99%         5
 Summon Forest            Summ/Tloc      2%         N/A       99%         5
 Death Channel            Necr           2%         N/A       100%        6
 Dispersal                Tloc           2%         N/A       100%        6
 Eringya's Noxious Bog    Tmut/Pois      2%         N/A       100%        6
 Simulacrum               Ice/Necr       2%         N/A       100%        6
 Dragon Form              Tmut           2%         N/A       100%        7
 Summon Hydra             Summ           2%         N/A       100%        7
 Disjunction              Tloc           2%         N/A       100%        8
 Polar Vortex             Ice            2%         N/A       100%        9


Dungeon Overview and Level Annotations

Branches:
Dungeon (15/15)            Temple (1/1) D:7            Lair (0/6) D:8
    Orc (2/2) D:12            Elf (2/3) Orc:2        Vaults (0/5) D:13
Desolation (1/1)          Gauntlet (visited)
 Depths: D:15

Altars:
Ashenzari
Cheibriados
Dithmenos
Elyvilon
Fedhas
Gozag
Hepliaklqana
Kikubaaqudgha
Makhleb
Nemelex Xobeh
Okawaru
Qazlal
Ru
Sif Muna
Trog
Uskayaw
Vehumet
Wu Jian
Xom
Yredelemnul
Zin
The Shining One

Shops:
D:5 :?   D:10 =   Orc:2 [?(=   Elf:1 !   Elf:2 *

Annotations:
D:3 Robin
D:4 3 runed translucent doors, Fractals's ghost, amateur OgHu; TheWeeknd's ghost, amateur MiBe
D:14 3 runed translucent doors, Cown's ghost, journeyman TrHu; Iggaenoa's ghost, journeyman DECj
Elf:2 3 runed translucent doors


Innate Abilities, Weirdness & Mutations

You have razor-sharp teeth.
Your natural rate of healing is unusually fast.
When hurt, damage is shared between your health and your magic reserves.
Your bite disrupts and absorbs the magic of your enemies.
Potions cannot restore your health.


Message History

You completely miss the saltling. You bite the saltling! You drain its power.
You feel invigorated.
The saltling is severely damaged.
The saltling hits you but does no damage.
The crystal guardian hits you!
Unknown command.
You bludgeon the saltling!!
You destroy the saltling!
The Council accepts your kill.
The ragged hierophant points at you and mumbles some strange words.
A blast of power from the earth and the adjacent constructs strikes you!
Unknown command.
You thump the crystal guardian!
You bite the crystal guardian, but do no damage.
The crystal guardian is severely damaged.
The peacekeeper barely misses you.
The peacekeeper claws you but does no damage.
The crystal guardian completely misses you.
A saltling comes into view.
You hit the crystal guardian but do no damage.
You bite the crystal guardian.
The crystal guardian's magic leaks into the air.
You drain its magic.
You feel invigorated.
The crystal guardian is severely damaged.
The peacekeeper bites you. The peacekeeper claws you.
A saltling comes into view.
The crystal guardian hits you!!
Unknown command.
Unknown command.
You hit the crystal guardian but do no damage.
You bite the crystal guardian, but do no damage.
The crystal guardian is severely damaged.
The peacekeeper barely misses you. The peacekeeper closely misses you.
A peacekeeper comes into view.
The crystal guardian fires a crystalline bolt at you.
The crystal bolt freezes the crystal guardian.
The crystal guardian completely resists.
The crystal bolt freezes you!!!
Ouch! That really hurt!
You die...

.......
........######
.....#..#:=.:
.......#...
§.§§#§..... .
§§.§..○°☼§# a.#
§§.§§§888L#8...#
§§.§§§888a°...L8
§§§§§§§@#a☼.....
§§.§§§§§#☼a=[...
§§§..§☼☼########
§§.§............
§§§§............
..§§...........§
.§§§..........§§
..............§§
...............§


You could see an imperial myrmidon, a halazid warlock, 2 crystal guardians, 2
peacekeepers and 2 saltlings.

Vanquished Creatures
  Frances (D:12)
  The ghost of Lepuefeh the Tortoise, a journeyman MiBe of Trog (Orc:1)
  A deep elf sorcerer (Elf:1)
  A deep elf elementalist (Elf:1)
  Nessos (D:13)
  Azrael (Orc:2)
  A minotaur (Gauntlet)
  The ghost of theEndsummarily the Ruffian, a journeyman TrEE of Cheibriados (Orc:1)
  4 boulder beetles
  5 hydras
  An ogre mage (D:12)
  6 centaur warriors
  A death knight (D:14)
  8 two-headed ogres
  7 dancing weapons
  A tengu warrior (D:14)
  6 deep elf knights
  10 deep elf archers
  5 wizards
  2 orc knights
  A phantasmal warrior (D:13)
  A necromancer (D:13)
  13 deep elf zephyrmancers
  8 ugly things
  10 deep elf pyromancers
  2 orc sorcerers (Orc:2)
  3 cyclopes
  A manticore (D:11)
  An unseen horror (D:12)
  2 gargoyles (D:12)
  2 minotaur zombies (Gauntlet)
  2 efreet (D:12)
  A komodo dragon (D:10)
  4 freezing wraiths
  5 trolls
  A meliai (shapeshifter) (D:13)
  A hornet (D:10)
  A saltling (Desolation)
  Prince Ribbit (D:7)
  12 slime creatures
  12 shadows
  A tarantella (shapeshifter) (D:12)
  11 yaks
  7 wraiths
  5 water elementals
  3 air elementals
  3 wyverns
  Eustachio (D:5)
  7 fire elementals
  3 vampires
  3 steam dragons
  2 wargs (Orc:2)
  Edmund (D:5)
  6 acid dragons
  2 water moccasins
  4 hell hounds
  29 orc warriors
  A sky beast (D:8)
  A black bear (D:8)
  3 ice beasts
  A boggart (Elf:1)
  A necrophage (D:6)
  9 ogres
  20 centaurs
  2 phantoms
  2 kobold brigands
  5 bullfrogs
  3 scorpions
  A gnoll sergeant (D:6)
  2 earth elementals
  6 killer bees
  2 water moccasin skeletons
  6 wights
  4 electric eels (D:11)
  4 howler monkeys
  8 centaur zombies
  2 jellies
  Crazy Yiuf (D:2)
  5 orc priests
  A centaur skeleton (D:6)
  A gnoll shaman (D:5)
  4 hounds
  Jessica (D:3)
  18 orc wizards
  Ijyb (D:3)
  An iguana (shapeshifter) (D:12)
  A hound skeleton (D:4)
  A howler monkey zombie (D:9)
  7 gnolls
  5 adders
  5 white imps
  An ufetubus (D:4)
  An adder skeleton (D:4)
  2 worms (D:3)
  5 dart slugs
  69 orcs
  5 ball pythons
  5 endoplasms
  8 giant cockroaches
  10 goblins
  11 hobgoblins
  3 jackals (D:3)
  12 kobolds
  2 quokkas
  6 bats
  A frilled lizard (D:1)
  4 rats
516 creatures vanquished.

Vanquished Creatures (others)
  A kobold demonologist (D:12)
  A water elemental (Elf:2)
  2 orc wizards
  2 orcs (D:11)
  8 fungi (D:8)
  10 plants
  11 withered plants
35 creatures vanquished.

Grand Total: 551 creatures vanquished

Notes
Turn   | Place    | Note
-------+----------+-------------------------------------------
     0 | D:1      | Stomo444 the Vine Stalker Gladiator began the quest for the
                  | Orb.
     0 | D:1      | Reached XP level 1. HP: 11/11 MP: 2/2
    94 | D:1      | Reached XP level 2. HP: 15/15 MP: 3/3
   611 | D:1      | Reached XP level 3. HP: 17/18 MP: 4/4
  1126 | D:2      | Reached skill level 1 in Armour
  1462 | D:2      | Found a faded altar of an unknown god.
  1469 | D:2      | Gained mutation: Your natural rate of healing is unusually
                  | fast. [Vine Stalker growth]
  1469 | D:2      | Reached XP level 4. HP: 21/23 MP: 3/5
  1789 | D:2      | Found a runed translucent door.
  1790 | D:2      | Noticed Crazy Yiuf
  1868 | D:2      | Killed Crazy Yiuf
  1944 | D:3      | Noticed Jessica
  1954 | D:3      | Killed Jessica
  1955 | D:3      | Reached XP level 5. HP: 27/27 MP: 6/6
  1965 | D:3      | Noticed Ijyb
  1989 | D:3      | Killed Ijyb
  1990 | D:3      | Noticed Robin
  2353 | D:4      | Found a shadowy altar of Dithmenos.
  2388 | D:4      | Noticed a water moccasin
  2401 | D:4      | Killed a water moccasin
  2402 | D:4      | Reached XP level 6. HP: 22/32 MP: 4/7
  2440 | D:4      | HP: 1/32 [ogre (20)]
  2552 | D:4      | Reached XP level 7. HP: 36/36 MP: 8/8
  2741 | D:4      | Found an ancient bone altar of Kikubaaqudgha.
  2776 | D:4      | Noticed an air elemental
  2778 | D:4      | Found a stormy altar of Qazlal.
  2831 | D:4      | Noticed a water elemental
  2837 | D:4      | Noticed a fire elemental
  2929 | D:4      | Found a glowing silver altar of Zin.
  3089 | D:4      | Found a runed translucent gate.
  3089 | D:4      | Found a runed translucent gate.
  3089 | D:4      | Found a runed translucent gate.
  3090 | D:4      | Noticed TheWeeknd's ghost (amateur MiBe)
  3091 | D:4      | Noticed Fractals's ghost (amateur OgHu)
  3116 | D:5      | Entered Level 5 of the Dungeon
  3209 | D:5      | Found Ysacvaf's Magic Scroll Boutique.
  3227 | D:5      | Gained mutation: You have razor-sharp teeth. [Vine Stalker
                  | growth]
  3227 | D:5      | Reached XP level 8. HP: 42/42 MP: 9/9
  3474 | D:5      | Reached skill level 5 in Maces & Flails
  3509 | D:5      | Noticed Edmund
  3558 | D:5      | Killed Edmund
  3611 | D:5      | Noticed Eustachio
  3623 | D:5      | Killed Eustachio
  3759 | D:5      | Found Tiech's Book Shop.
  3929 | D:5      | Found a sparkling altar of Nemelex Xobeh.
  4205 | D:5      | Found a bloodstained altar of Trog.
  4262 | D:6      | Noticed a wyvern
  4270 | D:6      | Killed a wyvern
  4271 | D:6      | Reached skill level 5 in Fighting
  4271 | D:6      | Reached skill level 5 in Dodging
  4424 | D:6      | Found a white marble altar of Elyvilon.
  4452 | D:6      | Reached XP level 9. HP: 42/47 MP: 7/10
  5514 | D:7      | Reached skill level 5 in Armour
  5724 | D:4      | Identified the +1 leather armour "Jexecis" {rF+ Will+++
                  | rCorr Int-3}
  5977 | D:7      | Reached XP level 10. HP: 42/53 MP: 11/11
  6117 | D:7      | Found a radiant altar of Vehumet.
  6117 | D:7      | Noticed Prince Ribbit
  6124 | D:7      | Killed Prince Ribbit
  6141 | D:7      | Found an opulent altar of Gozag.
  6141 | D:7      | Found a burning altar of Makhleb.
  6528 | D:7      | Found a staircase to the Ecumenical Temple.
  6677 | Temple   | Entered the Ecumenical Temple
  6720 | Temple   | Became a worshipper of the Wu Jian Council
  7148 | D:8      | Found a staircase to the Lair.
  7520 | D:9      | Found an iron altar of Okawaru.
  7569 | D:9      | Reached * piety under Wu Jian
  7605 | D:9      | Noticed a two-headed ogre
  7668 | D:9      | Killed a two-headed ogre
  7739 | D:10     | Entered Level 10 of the Dungeon
  7803 | D:9      | Reached XP level 11. HP: 39/59 MP: 8/12
  8238 | D:10     | Found Ucwagaho's Jewellery Shop.
  8251 | D:10     | Identified the +6 scale mail of Bowk {rF- Regen+ Int+4}
  8456 | D:10     | Found a snail-covered altar of Cheibriados.
  8610 | D:10     | Noticed a two-headed ogre
  8631 | D:10     | Killed a two-headed ogre
  8648 | D:10     | Reached ** piety under Wu Jian
  8824 | D:11     | Noticed a two-headed ogre
  8844 | D:11     | Killed a two-headed ogre
  8857 | D:11     | Found a gate leading to a gauntlet.
  8874 | Gauntlet | Entered a Gauntlet
  8874 | Gauntlet | Noticed a wizard
  8874 | Gauntlet | Found a transporter.
  8874 | Gauntlet | Found a runed translucent door.
  8874 | Gauntlet | Found a transporter.
  8876 | Gauntlet | Found a transporter.
  8876 | Gauntlet | Found a transporter.
  8878 | Gauntlet | Found a runed translucent door.
  8894 | Gauntlet | Found a transporter.
  8903 | Gauntlet | Found a transporter.
  8906 | Gauntlet | Found a transporter.
  8914 | Gauntlet | Found a transporter.
  8930 | Gauntlet | Found a transporter.
  8944 | Gauntlet | Found a transporter.
  8948 | Gauntlet | Found a transporter.
  8950 | Gauntlet | Noticed a tengu warrior
  8956 | Gauntlet | Found a transporter.
  9003 | Gauntlet | Killed a wizard
  9014 | Gauntlet | Identified the amulet "Eppuz" {rC+ Regen+ Str+4 Dex+4}
  9110 | Gauntlet | Reached XP level 12. HP: 63/66 MP: 13/13
  9112 | Gauntlet | Identified the ring of Zamul {Fire rPois Str+5}
  9138 | Gauntlet | Identified the +8 arbalest "Iwuac" {vorpal, rF+++ MP-9
                  | Str-3 Stlth+}
  9138 | Gauntlet | Noticed a minotaur
  9158 | Gauntlet | Killed a minotaur
  9178 | Gauntlet | Got Sif Muna's Compendium of Moulding
  9474 | D:11     | Reached *** piety under Wu Jian
 10119 | D:11     | Identified the +1 robe "Plog" {Dex+5 Archmagi}
 10179 | D:12     | Noticed Frances
 10180 | D:12     | Noticed a soul eater
 10280 | D:12     | Killed Frances
 10281 | D:12     | Reached skill level 10 in Maces & Flails
 10350 | D:12     | Found a staircase to the Orcish Mines.
 10415 | D:12     | Noticed a centaur warrior
 10433 | D:12     | Killed a centaur warrior
 10447 | D:12     | Noticed a two-headed ogre
 10454 | D:12     | Killed a two-headed ogre
 10455 | D:12     | Reached skill level 10 in Fighting
 10487 | D:12     | Noticed an ogre mage
 10487 | D:12     | Noticed a two-headed ogre
 10489 | D:12     | Noticed an eight-headed hydra
 10491 | D:12     | Noticed a boulder beetle
 10588 | D:12     | Reached XP level 13. HP: 72/72 MP: 14/14
 10736 | D:12     | Reached **** piety under Wu Jian
 10832 | D:12     | Reached skill level 10 in Dodging
 10892 | D:12     | Identified the +5 lajatang of Hutz {vamp, rPois Str+4 Int-5
                  | Dex+4}
 11525 | D:13     | Found a gate to the Vaults.
 11531 | D:13     | Reached skill level 10 in Armour
 11607 | D:13     | Noticed Nessos
 11635 | D:13     | Killed Nessos
 11715 | D:13     | Reached ***** piety under Wu Jian
 11716 | D:13     | Reached XP level 14. HP: 67/79 MP: 11/15
 11811 | D:13     | Found the +6 lightning scales {swift, rElec}
 12465 | D:14     | Found a runed translucent gate.
 12465 | D:14     | Found a runed translucent gate.
 12465 | D:14     | Found a runed translucent gate.
 12465 | D:14     | Noticed Cown's ghost (journeyman TrHu)
 12466 | D:14     | Noticed Iggaenoa's ghost (journeyman DECj)
 12664 | D:14     | Found a sacrificial altar of Ru.
 12737 | D:15     | Entered Level 15 of the Dungeon
 12842 | Orc:1    | Entered Level 1 of the Orcish Mines
 12910 | Orc:1    | Found a runed translucent gate.
 12949 | Orc:1    | Found a runed translucent gate.
 12950 | Orc:1    | Found a runed translucent gate.
 12951 | Orc:1    | Noticed theEndsummarily's ghost (journeyman TrEE)
 12952 | Orc:1    | Noticed Lepuefeh's ghost (journeyman MiBe)
 13055 | Orc:1    | Killed theEndsummarily's ghost
 13091 | Orc:1    | Killed Lepuefeh's ghost
 13121 | Orc:2    | Entered Level 2 of the Orcish Mines
 13218 | Orc:2    | Noticed Azrael
 13306 | Orc:2    | Killed Azrael
 13307 | Orc:2    | Reached skill level 1 in Spellcasting
 13362 | Orc:2    | Found a staircase to the Elven Halls.
 13472 | Orc:2    | Found Momuil's Weapon Shop.
 13472 | Orc:2    | Found Meushro's Magic Scroll Emporium.
 13474 | Orc:2    | Found Jacabaut's Armour Shoppe.
 13476 | Orc:2    | Found Asec's Jewellery Boutique.
 13761 | Orc:2    | Reached skill level 5 in Spellcasting
 14203 | Elf:1    | Entered Level 1 of the Elven Halls
 14238 | Elf:1    | Paralysed by an air elemental for 1 turns
 14242 | Elf:1    | Reached ****** piety under Wu Jian
 14249 | Elf:1    | Reached XP level 15. HP: 84/84 MP: 25/25
 14294 | Elf:1    | Found Ufummub's Distillery.
 14644 | Elf:1    | Paralysed by an air elemental for 1 turns
 14676 | Elf:1    | Learned a level 3 spell: Tukima's Dance
 14683 | Elf:1    | Learned a level 6 spell: Invisibility
 14868 | Elf:1    | Identified the +1 leather armour of Sloth {rElec rF+ rC+
                  | Str-5}
 14912 | Elf:1    | Reached skill level 1 in Hexes
 15089 | Elf:1    | Noticed a deep elf sorcerer
 15089 | Elf:1    | Noticed a deep elf elementalist
 15113 | Elf:1    | Killed a deep elf elementalist
 15118 | Elf:1    | Paralysed by an air elemental for 1 turns
 15122 | Elf:1    | Paralysed by an air elemental for 1 turns
 15125 | Elf:1    | Killed a deep elf sorcerer
 15285 | Elf:2    | Found Sayfunnao's General Store.
 15401 | Elf:2    | Found a runed translucent gate.
 15402 | Elf:2    | Found a runed translucent gate.
 15402 | Elf:2    | Found a runed translucent gate.
 15525 | Elf:2    | Found a crumbling gateway.
 15546 | Desolati | Entered the Desolation of Salt
 15561 | Desolati | Noticed an imperial myrmidon
 15573 | Desolati | Killed from afar by a crystal guardian

Illustrated notes

Levels and vault maps discovered:
D:1:      dpeg_arrival_simpleton_c, layout_basic
D:2:      layout_loops_ring, hellmonk_ecumenical_altar_run_dry,
          uniq_crazy_yiuf_cottage
D:3:      layout_rooms, uniq_jessica, uniq_ijyb, uniq_robin
D:4:      layout_basic, zin_treasury, nicolae_qazlal_style_of_elements,
          mainiacjoe_overflow_paths, gammafunk_ghost_cemetery,
          kennysheep_flooded_box, corner_web_ring, serial_park_tiny_1
D:5:      layout_loops_corners, lightli_temple_of_fire,
          nemelex_diamond_rough_becter, serial_shops, nicolae_lakefront_shop,
          shop, minmay_misc_feat_iff, grunt_ministairs_12, uniq_eustachio,
          uniq_edmund
D:6:      kb_forest_paths, layout_basic, elyvilon_altar_4
D:7:      layout_basic, nicolae_vehumet_altar_sigil,
          nicolae_overflow_hidden_temple, temple_hall, minmay_alternating_orb,
          uniq_prince_ribbit1
D:8:      layout_basic, grunt_lair_entry_orc_guard_hut,
          chequers_serial_rivers_small_a
D:9:      layout_loops_ring, kennysheep_okawaru_gauntlet,
          nicolae_zen_rock_garden, hangedman_decor_points
D:10:     layout_big_octagon, mainiacjoe_overflow_six_doors_small, serial_shops,
          shop_fountains, kennysheep_crisscross, kennysheep_kite_vault
D:11:     layout_basic, gauntlet_entry_generic
D:12:     minmay_concentric_multi, layout_gridville, uniq_frances
D:13:     layout_irregular_city, david_vaults_1, chequers_serial_rivers_small_3,
          amcnicky_mini_rare_corridor_liquid, uniq_nessos
D:14:     layout_rooms, gammafunk_ghost_cemetery,
          nicolae_ru_the_path_less_chosen, kennysheep_generic_room_7
D:15:     grunt_enter_depths_magical_seal, layout_cave_pools, serial_rivers,
          chequers_serial_rivers_micro_b, chequers_serial_rivers_micro_e,
          chequers_serial_rivers_small_b, chequers_serial_rivers_micro_b,
          chequers_serial_rivers_room_b, chequers_serial_rivers_micro_d,
          nicolae_hepliaklqana_ecumenical_no_more
Temple:   chequers_temple_sunken
Orc:1:    layout_caves, serial_shops, nicolae_shop_overgrown_old_shop,
          gammafunk_ghost_cemetery
Orc:2:    st_orc_rangers, layout_caves, minmay_orc_keep, uniq_azrael
Elf:1:    nicolae_elf_arrival_aired_out, layout_loops_ring, serial_shops,
          nicolae_shop_window_shopping, hangedman_elf_disciples, minivault_4,
          serial_sigils_hangedman_scratch
Elf:2:    nicolae_elf_blades_splatter_lattice [nicolae_blade_tridents],
          layout_geoelf_diagonals, serial_shops, shop,
          portal_desolation_entry_nicolae_slug, dk_noncrumbling_3
Desolation

Skill      XL: |  1  2  3  4  5  6  7  8  9 10 11 12 13 14 15 |
---------------+----------------------------------------------+-----
Fighting       | 2 3 4 5 6 7 9 10 11 12 | 12.0
Maces & Flails | 3 4 5 6 8 9 10 11 12 | 12.2
Armour         | 1 2 3 4 5 6 7 9 10 11 | 11.0
Dodging        | 3 4 5 6 7 8 9 10 11 | 11.3
Spellcasting   | 6 9 |  9.4
Hexes          | 3 |  3.0
Throwing       | |  1.7

Action                   |  1- 3 |  4- 6 |  7- 9 | 10-12 | 13-15 || total
-------------------------+-------+-------+-------+-------+-------++-------
Melee: Flail             |    89 |   104 |   229 |   568 |   813 ||  1803
       Bite              |    22 |    17 |    96 |   286 |   417 ||   838
Throw: Throwing net      |       |     2 |       |     2 |       ||     4
Invok: Lunge             |       |       |       |    33 |    78 ||   111
       Whirlwind         |       |       |       |    30 |   115 ||   145
       Heavenly Storm    |       |       |       |       |     2 ||     2
 Abil: Wall Jump         |       |       |       |       |     4 ||     4
  Use: Scroll            |       |     5 |     6 |     7 |    12 ||    30
       Potion            |       |     1 |       |       |       ||     1
 Stab: Sleeping          |     1 |     2 |     1 |     3 |     1 ||     8
       Held in net/web   |       |     1 |       |     1 |       ||     2
Armor: Leather armour    |    41 |    33 |    78 |   106 |       ||   258
       Scale mail        |       |       |       |   232 |   420 ||   652
       Skin              |       |       |       |     4 |       ||     4
Dodge: Dodged            |    66 |    65 |   202 |   417 |   588 ||  1338
